Sabres vs Senators

Created - April 29 2010 at 18:30

Goals
1 2 3 T
Sabres 0 1 1 2
Senators 0 2 1 3
Shots
1 2 3 T
Sabres 6 14 5 25
Senators 12 2 9 23

Period #1

No Goal

Penalties :
Zdeno Chara (BUF) for Cross-checking (Minor) at 0:17, Tuomo Ruutu (BUF) for Roughing (Minor) at 2:22, Niklas Kronwall (BUF) for Hooking (Minor) at 6:14, Tuomo Ruutu (BUF) for Hooking (Minor) at 11:10, Matt Walker (OTT) for Hooking (Minor) at 13:13, Milan Michalek (OTT) for Interference (Minor) at 17:35

Period #2

1. Sabres , Martin St. Louis 7 (Nicklas Lidstrom, Dennis Wideman) at 5:38 (PP)
2. Senators , Nikita Filatov 4 (Sidney Crosby, Milan Michalek) at 11:22
3. Senators , Rick Nash 11 (Sidney Crosby, Jay Bouwmeester) at 12:03 (PP)

Penalties :
Rick Nash (OTT) for Slashing (Minor) at 2:54, Kevin Bieksa (OTT) for Slashing (Minor) at 4:02, Jason Spezza (OTT) for Slashing (Minor) at 7:49, Zdeno Chara (BUF) for Holding (Minor) at 11:39, Andy Sutton (BUF) for High sticking (Minor) at 14:58

Period #3

4. Sabres , Niklas Kronwall 2 (Johan Franzen, Henrik Zetterberg) at 12:09 (PP)
5. Senators , Jay Bouwmeester 3 (Sidney Crosby, Nikita Filatov) at 12:31

Penalties :
Kevin Bieksa (OTT) for Tripping (Minor) at 5:49, Ryan Smyth (OTT) for Roughing (Minor) at 11:49, Henrik Zetterberg (BUF) for Hooking (Minor) at 13:56, Nicklas Lidstrom (BUF) for Hooking (Minor) at 16:52, Kevin Bieksa (OTT) for Tripping (Minor) at 19:01

Goalie Stats

Ryan Miller (BUF), 20 saves from 23 shots - (0.870), L, 11-4-1, 59:00 minutes
Carey Price (OTT), 23 saves from 25 shots - (0.920), W, 9-4-0, 60:00 minutes

Players Stats

Sabres
Player Name              G  A  P  +/- PIM S  H  SB FO    MP 
------------------------------------------------------------
Andy Sutton              0  0  0  -1  2   0  0  0  0/0   13 
Ben Guite                0  0  0   0  0   0  0  0  0/0   2  
Dennis Wideman           0  1  1   0  0   2  1  2  0/0   21 
Dmitri Kalinin           0  0  0   0  0   0  0  0  0/0   0  
Henrik Zetterberg        0  1  1   0  2   4  0  0  14/32 22 
Johan Franzen            0  1  1  -1  0   2  0  0  0/0   18 
Kim Johnsson             0  0  0  -1  0   0  0  0  0/0   17 
Kris Versteeg            0  0  0  -1  0   1  0  1  0/1   18 
Marc Savard              0  0  0  -1  0   1  0  1  8/15  17 
Martin Havlat            0  0  0   0  0   0  0  0  0/2   17 
Martin St. Louis         1  0  1   0  0   3  0  0  1/4   21 
Mike Richards            0  0  0  -1  0   1  2  1  10/22 21 
Nicklas Lidstrom         0  1  1  -1  2   3  0  2  0/0   24 
Niklas Kronwall          1  0  1   0  2   5  2  0  0/0   20 
Nikolai Zherdev          0  0  0  -1  0   2  0  0  0/0   6  
Paul Gaustad             0  0  0   0  0   0  1  0  0/0   5  
Tuomo Ruutu              0  0  0  -1  4   1  4  0  1/2   20 
Zdeno Chara              0  0  0  -1  4   0  3  0  0/0   24 
Senators
Player Name              G  A  P  +/- PIM S  H  SB FO    MP 
------------------------------------------------------------
Brett Clark              0  0  0   0  0   0  1  2  0/0   23 
Brian Lee                0  0  0   0  0   0  2  1  0/0   13 
Dan Cleary               0  0  0   0  0   0  1  0  0/0   16 
Dennis Seidenberg        0  0  0   0  0   1  0  0  0/0   21 
Fredrik Modin            0  0  0   0  0   1  0  0  0/0   8  
Gregory Campbell         0  0  0   0  0   0  0  1  4/6   7  
James Neal               0  0  0   0  0   1  1  0  0/1   11 
Jason Spezza             0  0  0   0  2   3  0  0  15/21 19 
Jay Bouwmeester          1  1  2   2  0   1  0  1  0/0   23 
Joel Ward                0  0  0   0  0   0  0  0  0/1   6  
Kevin Bieksa             0  0  0   2  6   1  0  0  0/0   21 
Matt Walker              0  0  0   0  2   0  2  3  0/0   16 
Milan Michalek           0  1  1   2  2   1  1  0  1/1   19 
Nikita Filatov           1  1  2   2  0   2  0  0  0/0   12 
Rick Nash                1  0  1   0  2   2  1  0  1/1   17 
Ryan Smyth               0  0  0   0  2   3  0  0  2/2   18 
Sergei Fedorov           0  0  0   0  0   1  0  0  6/19  16 
Sidney Crosby            0  3  3   2  0   6  1  0  15/26 20 

3 Stars

1 - Sidney Crosby (OTT)
2 - Jay Bouwmeester (OTT)
3 - Nikita Filatov (OTT)

Power Play

Sabres - 2 on 8 Attempt(s) - 25.00%
Senators - 1 on 8 Attempt(s) - 12.50%

Penalty Kill

Sabres - 7 on 8 Attempt(s) - 87.50% - Score 0 goal in Penalty Kill
Senators - 6 on 8 Attempt(s) - 75.00% - Score 0 goal in Penalty Kill

Game Notes

No Game Note

Finance

Level 1 -- Attendance: 6500 (100.00%) -- Ticket Income $650,000.00
Level 2 -- Attendance: 5000 (100.00%) -- Ticket Income $300,000.00
Level 3 -- Attendance: 3500 (100.00%) -- Ticket Income $122,500.00
Level 4 -- Attendance: 2281 (72.34%) -- Ticket Income $68,430.00
Luxury Box -- Attendance: 964 (96.40%) -- Ticket Income $241,000.00
Game was played at the Scotiabank Place
Total Attendance: 18245 (95.26%)
Total Ticket Income: $1,390,494.00
Other Income: $417,148.13
Total Income: $1,807,642.00


Play by Play

Period #1

0:01 of 1st period - Henrik Zetterberg wins face-off versus Sidney Crosby in neutral zone.
0:15 of 1st period - Sidney Crosby is hit by Zdeno Chara and loses puck.
0:17 of 1st period - Minor Penalty to Zdeno Chara for Cross-checking.
0:18 of 1st period - Jason Spezza wins face-off versus Henrik Zetterberg in Sabres zone.
0:21 of 1st period - Shot by Ryan Smyth.
0:21 of 1st period - Stopped by Ryan Miller without a rebound.
0:22 of 1st period - Ryan Smyth wins face-off versus Mike Richards in Sabres zone.
0:57 of 1st period - Shot by Kevin Bieksa.
0:57 of 1st period - Shot Blocked by Dennis Wideman.
1:59 of 1st period - Shot by Sidney Crosby.
1:59 of 1st period - Shot Blocked by Mike Richards.
2:01 of 1st period - Shot by Dennis Seidenberg.
2:01 of 1st period - Stopped by Ryan Miller without a rebound.
2:02 of 1st period - Sidney Crosby wins face-off versus Martin St. Louis in Sabres zone.
2:11 of 1st period - Shot by Sidney Crosby.
2:11 of 1st period - Shot Blocked by Nicklas Lidstrom.
2:22 of 1st period - Minor Penalty to Tuomo Ruutu for Roughing.
2:23 of 1st period - Henrik Zetterberg wins face-off versus Sidney Crosby in Sabres zone.
2:29 of 1st period - Icing by Sidney Crosby.
2:30 of 1st period - Milan Michalek wins face-off versus Henrik Zetterberg in Senators zone.
2:37 of 1st period - Shot by Sidney Crosby.
2:37 of 1st period - Stopped by Ryan Miller with a rebound.
3:57 of 1st period - Shot by Jay Bouwmeester.
3:57 of 1st period - Shot Misses the Net.
3:59 of 1st period - Shot by Dennis Seidenberg.
3:59 of 1st period - Deflect By Sidney Crosby.
3:59 of 1st period - Stopped by Ryan Miller without a rebound.
4:00 of 1st period - Henrik Zetterberg wins face-off versus Sergei Fedorov in Sabres zone.
4:00 of 1st period - Kris Versteeg is hit by James Neal and loses puck.
4:09 of 1st period - Shot by Kevin Bieksa.
4:09 of 1st period - Stopped by Ryan Miller without a rebound.
4:10 of 1st period - Jason Spezza wins face-off versus Martin Havlat in Sabres zone.
4:11 of 1st period - Shot by Kevin Bieksa.
4:11 of 1st period - Shot Misses the Net.
4:13 of 1st period - Shot by Ryan Smyth.
4:13 of 1st period - Stopped by Ryan Miller without a rebound.
4:14 of 1st period - Sidney Crosby wins face-off versus Mike Richards in Sabres zone.
4:17 of 1st period - Shot by Rick Nash.
4:17 of 1st period - Stopped by Ryan Miller without a rebound.
4:18 of 1st period - Jason Spezza wins face-off versus Henrik Zetterberg in Sabres zone.
4:35 of 1st period - Off-side.
4:36 of 1st period - Henrik Zetterberg wins face-off versus Sergei Fedorov in neutral zone.
4:52 of 1st period - Shot by James Neal.
4:52 of 1st period - Deflect By Sergei Fedorov.
4:52 of 1st period - Stopped by Ryan Miller without a rebound.
4:53 of 1st period - Marc Savard wins face-off versus Sidney Crosby in Sabres zone.
5:22 of 1st period - Shot by Sidney Crosby.
5:22 of 1st period - Stopped by Ryan Miller without a rebound.
5:23 of 1st period - Jason Spezza wins face-off versus Mike Richards in Sabres zone.
5:25 of 1st period - Rick Nash is hit by Zdeno Chara and loses puck.
5:49 of 1st period - Shot by Jason Spezza.
5:49 of 1st period - Shot Misses the Net.
5:51 of 1st period - Shot by Dennis Seidenberg.
5:51 of 1st period - Shot Blocked by Nicklas Lidstrom.
5:55 of 1st period - Shot by Jason Spezza.
5:55 of 1st period - Stopped by Ryan Miller without a rebound.
5:56 of 1st period - Sergei Fedorov wins face-off versus Mike Richards in Sabres zone.
5:56 of 1st period - James Neal is hit by Niklas Kronwall and loses puck.
6:06 of 1st period - Sergei Fedorov is hit by Dennis Wideman and loses puck.
6:14 of 1st period - Minor Penalty to Niklas Kronwall for Hooking.
6:15 of 1st period - Jason Spezza wins face-off versus Henrik Zetterberg in Sabres zone.
6:29 of 1st period - Shot by Ryan Smyth.
6:29 of 1st period - Shot Blocked by Dennis Wideman.
6:33 of 1st period - Shot by Fredrik Modin.
6:33 of 1st period - Stopped by Ryan Miller with a rebound.
8:32 of 1st period - Shot by Sergei Fedorov.
8:32 of 1st period - Shot Misses the Net.
8:34 of 1st period - Shot by Dan Cleary.
8:34 of 1st period - Shot Misses the Net.
8:36 of 1st period - Shot by Dan Cleary.
8:36 of 1st period - Shot Blocked by Marc Savard.
9:11 of 1st period - Nikolai Zherdev is hit by Brian Lee and loses puck.
9:47 of 1st period - Icing by Jay Bouwmeester.
9:48 of 1st period - Sidney Crosby wins face-off versus Marc Savard in Senators zone.
10:01 of 1st period - Icing by Dennis Seidenberg.
10:02 of 1st period - Sidney Crosby wins face-off versus Henrik Zetterberg in Senators zone.
10:13 of 1st period - Off-side.
10:14 of 1st period - Jason Spezza wins face-off versus Henrik Zetterberg in neutral zone.
10:34 of 1st period - Off-side.
10:35 of 1st period - Marc Savard wins face-off versus Sidney Crosby in neutral zone.
11:10 of 1st period - Minor Penalty to Tuomo Ruutu for Hooking.
11:11 of 1st period - Jason Spezza wins face-off versus Mike Richards in Sabres zone.
11:15 of 1st period - Fredrik Modin is hit by Zdeno Chara and loses puck.
11:42 of 1st period - Jason Spezza is hit by Niklas Kronwall.
13:13 of 1st period - Minor Penalty to Matt Walker for Hooking.
13:14 of 1st period - Marc Savard wins face-off versus Sergei Fedorov in Senators zone.
14:19 of 1st period - Shot by Johan Franzen.
14:19 of 1st period - Deflect By Henrik Zetterberg.
14:19 of 1st period - Shot Misses the Net.
14:23 of 1st period - Shot by Henrik Zetterberg.
14:23 of 1st period - Stopped by Carey Price with a rebound.
14:25 of 1st period - Shot by Zdeno Chara.
14:25 of 1st period - Shot Misses the Net.
15:17 of 1st period - Shot by James Neal.
15:17 of 1st period - Stopped by Ryan Miller without a rebound.
15:18 of 1st period - Sidney Crosby wins face-off versus Mike Richards in Sabres zone.
15:43 of 1st period - Shot by Nikolai Zherdev.
15:43 of 1st period - Stopped by Carey Price without a rebound.
15:44 of 1st period - Tuomo Ruutu wins face-off versus Sergei Fedorov in Senators zone.
15:44 of 1st period - Kim Johnsson is hit by Brian Lee and loses puck.
16:00 of 1st period - Shot by Kris Versteeg.
16:00 of 1st period - Shot Misses the Net.
16:03 of 1st period - Icing by Dan Cleary.
16:04 of 1st period - Mike Richards wins face-off versus Sergei Fedorov in Senators zone.
16:21 of 1st period - Shot by Mike Richards.
16:21 of 1st period - Shot Misses the Net.
16:23 of 1st period - Shot by Dennis Wideman.
16:23 of 1st period - Shot Misses the Net.
16:25 of 1st period - Shot by Henrik Zetterberg.
16:25 of 1st period - Stopped by Carey Price with a rebound.
16:27 of 1st period - Shot by Dennis Wideman.
16:27 of 1st period - Stopped by Carey Price without a rebound.
16:28 of 1st period - Jason Spezza wins face-off versus Marc Savard in Senators zone.
17:32 of 1st period - Off-side.
17:33 of 1st period - Sidney Crosby wins face-off versus Mike Richards in neutral zone.
17:33 of 1st period - Jay Bouwmeester is hit by Mike Richards and loses puck.
17:35 of 1st period - Minor Penalty to Milan Michalek for Interference.
17:36 of 1st period - Henrik Zetterberg wins face-off versus Sergei Fedorov in Senators zone.
17:41 of 1st period - Shot by Zdeno Chara.
17:41 of 1st period - Shot Misses the Net.
18:07 of 1st period - Shot by Niklas Kronwall.
18:07 of 1st period - Shot Misses the Net.
18:29 of 1st period - Shot by Dennis Wideman.
18:29 of 1st period - Stopped by Carey Price without a rebound.
18:30 of 1st period - Marc Savard wins face-off versus Gregory Campbell in Senators zone.
19:28 of 1st period - Shot by Henrik Zetterberg.
19:28 of 1st period - Stopped by Carey Price without a rebound.
19:29 of 1st period - Sidney Crosby wins face-off versus Martin Havlat in Senators zone.
19:51 of 1st period - Icing by Kim Johnsson.
19:52 of 1st period - Mike Richards wins face-off versus Jason Spezza in Sabres zone.

Period #2

0:01 of 2nd period - Henrik Zetterberg wins face-off versus Sidney Crosby in neutral zone.
0:08 of 2nd period - Shot by Henrik Zetterberg.
0:08 of 2nd period - Stopped by Carey Price without a rebound.
0:09 of 2nd period - Rick Nash wins face-off versus Mike Richards in Senators zone.
0:21 of 2nd period - Off-side.
0:22 of 2nd period - Sidney Crosby wins face-off versus Henrik Zetterberg in neutral zone.
0:59 of 2nd period - Shot by Sidney Crosby.
0:59 of 2nd period - Shot Misses the Net.
1:01 of 2nd period - Shot by Sidney Crosby.
1:01 of 2nd period - Shot Misses the Net.
1:20 of 2nd period - Icing by Nicklas Lidstrom.
1:21 of 2nd period - Jason Spezza wins face-off versus Henrik Zetterberg in Sabres zone.
1:52 of 2nd period - Icing by Dennis Wideman.
1:53 of 2nd period - Mike Richards wins face-off versus James Neal in Sabres zone.
2:36 of 2nd period - Sergei Fedorov is hit by Mike Richards and loses puck.
2:54 of 2nd period - Minor Penalty to Rick Nash for Slashing.
2:55 of 2nd period - Henrik Zetterberg wins face-off versus Gregory Campbell in Senators zone.
3:08 of 2nd period - Shot by Johan Franzen.
3:08 of 2nd period - Shot Blocked by Gregory Campbell.
3:24 of 2nd period - Shot by Martin Havlat.
3:24 of 2nd period - Shot Misses the Net.
4:02 of 2nd period - Minor Penalty to Kevin Bieksa for Slashing.
4:03 of 2nd period - Gregory Campbell wins face-off versus Marc Savard in Senators zone.
4:14 of 2nd period - Shot by Nicklas Lidstrom.
4:14 of 2nd period - Shot Misses the Net.
4:16 of 2nd period - Shot by Dennis Wideman.
4:16 of 2nd period - Shot Blocked by Jay Bouwmeester.
4:18 of 2nd period - Shot by Martin St. Louis.
4:18 of 2nd period - Deflect By Marc Savard.
4:18 of 2nd period - Shot Misses the Net.
4:22 of 2nd period - Shot by Nicklas Lidstrom.
4:22 of 2nd period - Stopped by Carey Price without a rebound.
4:23 of 2nd period - Sergei Fedorov wins face-off versus Henrik Zetterberg in Senators zone.
4:44 of 2nd period - Shot by Niklas Kronwall.
4:44 of 2nd period - Shot Blocked by Matt Walker.
4:50 of 2nd period - Shot by Henrik Zetterberg.
4:50 of 2nd period - Shot Misses the Net.
4:52 of 2nd period - Shot by Niklas Kronwall.
4:52 of 2nd period - Stopped by Carey Price without a rebound.
4:53 of 2nd period - Gregory Campbell wins face-off versus Martin St. Louis in Senators zone.
5:08 of 2nd period - Shot by Tuomo Ruutu.
5:08 of 2nd period - Stopped by Carey Price without a rebound.
5:09 of 2nd period - Henrik Zetterberg wins face-off versus Sidney Crosby in Senators zone.
5:12 of 2nd period - Shot by Niklas Kronwall.
5:12 of 2nd period - Stopped by Carey Price without a rebound.
5:13 of 2nd period - Gregory Campbell wins face-off versus Martin St. Louis in Senators zone.
5:32 of 2nd period - Shot by Nicklas Lidstrom.
5:32 of 2nd period - Deflect By Marc Savard.
5:32 of 2nd period - Stopped by Carey Price with a rebound.
5:34 of 2nd period - Shot by Dennis Wideman.
5:34 of 2nd period - Shot Misses the Net.
5:36 of 2nd period - Shot by Nicklas Lidstrom.
5:36 of 2nd period - Shot Misses the Net.
5:38 of 2nd period - Shot by Martin St. Louis.
5:38 of 2nd period - Goal by Martin St. Louis - Sabres : 1 - Senators : 0.
5:39 of 2nd period - Mike Richards wins face-off versus Sidney Crosby in neutral zone.
5:52 of 2nd period - Shot by Sidney Crosby.
5:52 of 2nd period - Shot Misses the Net.
6:07 of 2nd period - Icing by Jay Bouwmeester.
6:08 of 2nd period - Marc Savard wins face-off versus Sidney Crosby in Senators zone.
7:03 of 2nd period - Shot by Nikolai Zherdev.
7:03 of 2nd period - Stopped by Carey Price with a rebound.
7:05 of 2nd period - Shot by Zdeno Chara.
7:05 of 2nd period - Shot Misses the Net.
7:09 of 2nd period - Shot by Johan Franzen.
7:09 of 2nd period - Shot Blocked by Brian Lee.
7:13 of 2nd period - Shot by Nicklas Lidstrom.
7:13 of 2nd period - Shot Misses the Net.
7:17 of 2nd period - Shot by Mike Richards.
7:17 of 2nd period - Stopped by Carey Price with a rebound.
7:49 of 2nd period - Minor Penalty to Jason Spezza for Slashing.
7:50 of 2nd period - Henrik Zetterberg wins face-off versus Sidney Crosby in Senators zone.
8:36 of 2nd period - Icing by Martin St. Louis.
8:37 of 2nd period - Marc Savard wins face-off versus Joel Ward in Sabres zone.
9:56 of 2nd period - Kevin Bieksa is hit by Tuomo Ruutu and loses puck.
10:03 of 2nd period - Shot by Kris Versteeg.
10:03 of 2nd period - Shot Misses the Net.
10:07 of 2nd period - Shot by Kris Versteeg.
10:07 of 2nd period - Stopped by Carey Price without a rebound.
10:08 of 2nd period - Mike Richards wins face-off versus Jason Spezza in Senators zone.
10:22 of 2nd period - Mike Richards is hit by Brett Clark and loses puck.
10:37 of 2nd period - Shot by Martin St. Louis.
10:37 of 2nd period - Stopped by Carey Price with a rebound.
11:07 of 2nd period - Shot by Kris Versteeg.
11:07 of 2nd period - Shot Misses the Net.
11:22 of 2nd period - Shot by Nikita Filatov.
11:22 of 2nd period - Goal by Nikita Filatov - Sabres : 1 - Senators : 1.
11:23 of 2nd period - Mike Richards wins face-off versus Sergei Fedorov in neutral zone.
11:32 of 2nd period - Shot by Johan Franzen.
11:32 of 2nd period - Stopped by Carey Price without a rebound.
11:33 of 2nd period - Sergei Fedorov wins face-off versus Henrik Zetterberg in Senators zone.
11:39 of 2nd period - Minor Penalty to Zdeno Chara for Holding.
11:40 of 2nd period - Sidney Crosby wins face-off versus Mike Richards in Sabres zone.
12:03 of 2nd period - Shot by Sidney Crosby.
12:03 of 2nd period - Deflect By Rick Nash.
12:03 of 2nd period - Goal by Rick Nash - Sabres : 1 - Senators : 2.
12:04 of 2nd period - Henrik Zetterberg wins face-off versus Sergei Fedorov in neutral zone.
12:23 of 2nd period - Shot by Johan Franzen.
12:23 of 2nd period - Shot Blocked by Matt Walker.
12:25 of 2nd period - Shot by Henrik Zetterberg.
12:25 of 2nd period - Shot Misses the Net.
12:27 of 2nd period - Shot by Nicklas Lidstrom.
12:27 of 2nd period - Stopped by Carey Price without a rebound.
12:28 of 2nd period - Sidney Crosby wins face-off versus Marc Savard in Senators zone.
12:48 of 2nd period - Shot by Sidney Crosby.
12:48 of 2nd period - Shot Misses the Net.
13:07 of 2nd period - Off-side.
13:08 of 2nd period - Jason Spezza wins face-off versus Henrik Zetterberg in neutral zone.
13:55 of 2nd period - Martin St. Louis is hit by Rick Nash and loses puck.
14:04 of 2nd period - Jason Spezza is hit by Tuomo Ruutu and loses puck.
14:58 of 2nd period - Minor Penalty to Andy Sutton for High sticking.
14:59 of 2nd period - Henrik Zetterberg wins face-off versus Sidney Crosby in Sabres zone.
15:49 of 2nd period - Icing by Kevin Bieksa.
15:50 of 2nd period - Sidney Crosby wins face-off versus Mike Richards in Senators zone.
16:09 of 2nd period - Dennis Wideman is hit by Milan Michalek and loses puck.
17:12 of 2nd period - Shot by Gregory Campbell.
17:12 of 2nd period - Shot Blocked by Kris Versteeg.
18:02 of 2nd period - Shot by Milan Michalek.
18:02 of 2nd period - Shot Misses the Net.
18:06 of 2nd period - Shot by Kevin Bieksa.
18:06 of 2nd period - Shot Misses the Net.
19:24 of 2nd period - Icing by Rick Nash.
19:25 of 2nd period - Jason Spezza wins face-off versus Henrik Zetterberg in Senators zone.
19:46 of 2nd period - Shot by Johan Franzen.
19:46 of 2nd period - Stopped by Carey Price without a rebound.
19:47 of 2nd period - Sergei Fedorov wins face-off versus Marc Savard in Senators zone.
19:47 of 2nd period - James Neal is hit by Tuomo Ruutu and loses puck.

Period #3

0:01 of 3rd period - Sidney Crosby wins face-off versus Henrik Zetterberg in neutral zone.
0:32 of 3rd period - Shot by Henrik Zetterberg.
0:32 of 3rd period - Shot Misses the Net.
1:12 of 3rd period - Shot by Tuomo Ruutu.
1:12 of 3rd period - Deflect By Mike Richards.
1:12 of 3rd period - Shot Blocked by Brett Clark.
1:14 of 3rd period - Shot by Martin St. Louis.
1:14 of 3rd period - Stopped by Carey Price without a rebound.
1:15 of 3rd period - Marc Savard wins face-off versus Sergei Fedorov in Senators zone.
1:21 of 3rd period - Marc Savard is hit by Matt Walker and loses puck.
1:45 of 3rd period - Shot by Tuomo Ruutu.
1:45 of 3rd period - Shot Misses the Net.
1:50 of 3rd period - Kris Versteeg is hit by Matt Walker and loses puck.
3:48 of 3rd period - Icing by Kim Johnsson.
3:49 of 3rd period - Sergei Fedorov wins face-off versus Marc Savard in Sabres zone.
5:05 of 3rd period - Shot by Johan Franzen.
5:05 of 3rd period - Shot Blocked by Brett Clark.
5:39 of 3rd period - Henrik Zetterberg is hit by Sidney Crosby and loses puck.
5:49 of 3rd period - Minor Penalty to Kevin Bieksa for Tripping.
5:50 of 3rd period - Gregory Campbell wins face-off versus Henrik Zetterberg in Senators zone.
6:06 of 3rd period - Shot by Niklas Kronwall.
6:06 of 3rd period - Stopped by Carey Price with a rebound.
6:08 of 3rd period - Shot by Niklas Kronwall.
6:08 of 3rd period - Stopped by Carey Price with a rebound.
7:58 of 3rd period - Nikita Filatov is hit by Paul Gaustad and loses puck.
8:42 of 3rd period - Off-side.
8:43 of 3rd period - Mike Richards wins face-off versus Jason Spezza in neutral zone.
9:32 of 3rd period - Off-side.
9:33 of 3rd period - Marc Savard wins face-off versus Sergei Fedorov in neutral zone.
10:56 of 3rd period - Shot by Nikita Filatov.
10:56 of 3rd period - Stopped by Ryan Miller with a rebound.
10:58 of 3rd period - Shot by Milan Michalek.
10:58 of 3rd period - Deflect By Nikita Filatov.
10:58 of 3rd period - Shot Misses the Net.
11:08 of 3rd period - Shot by Sidney Crosby.
11:08 of 3rd period - Deflect By Milan Michalek.
11:08 of 3rd period - Stopped by Ryan Miller without a rebound.
11:09 of 3rd period - Ryan Smyth wins face-off versus Marc Savard in Sabres zone.
11:12 of 3rd period - Shot by Rick Nash.
11:12 of 3rd period - Deflect By Jason Spezza.
11:12 of 3rd period - Stopped by Ryan Miller with a rebound.
11:49 of 3rd period - Minor Penalty to Ryan Smyth for Roughing.
11:50 of 3rd period - Sergei Fedorov wins face-off versus Henrik Zetterberg in Senators zone.
12:09 of 3rd period - Shot by Niklas Kronwall.
12:09 of 3rd period - Goal by Niklas Kronwall - Sabres : 2 - Senators : 2.
12:10 of 3rd period - Sidney Crosby wins face-off versus Mike Richards in neutral zone.
12:19 of 3rd period - Shot by Sidney Crosby.
12:19 of 3rd period - Stopped by Ryan Miller with a rebound.
12:23 of 3rd period - Shot by Sidney Crosby.
12:23 of 3rd period - Stopped by Ryan Miller with a rebound.
12:27 of 3rd period - Shot by Nikita Filatov.
12:27 of 3rd period - Shot Misses the Net.
12:29 of 3rd period - Shot by Sidney Crosby.
12:29 of 3rd period - Shot Misses the Net.
12:31 of 3rd period - Shot by Jay Bouwmeester.
12:31 of 3rd period - Goal by Jay Bouwmeester - Sabres : 2 - Senators : 3.
12:32 of 3rd period - Mike Richards wins face-off versus Sergei Fedorov in neutral zone.
12:42 of 3rd period - Icing by James Neal.
12:43 of 3rd period - Mike Richards wins face-off versus Sergei Fedorov in Senators zone.
13:06 of 3rd period - Shot by Nikolai Zherdev.
13:06 of 3rd period - Shot Blocked by Matt Walker.
13:08 of 3rd period - Shot by Nicklas Lidstrom.
13:08 of 3rd period - Stopped by Carey Price without a rebound.
13:09 of 3rd period - Jason Spezza wins face-off versus Kris Versteeg in Senators zone.
13:09 of 3rd period - Jason Spezza is hit by Tuomo Ruutu.
13:37 of 3rd period - Shot by Rick Nash.
13:37 of 3rd period - Shot Misses the Net.
13:41 of 3rd period - Shot by Rick Nash.
13:41 of 3rd period - Deflect By Jason Spezza.
13:41 of 3rd period - Stopped by Ryan Miller without a rebound.
13:42 of 3rd period - Sidney Crosby wins face-off versus Henrik Zetterberg in Sabres zone.
13:56 of 3rd period - Minor Penalty to Henrik Zetterberg for Hooking.
13:57 of 3rd period - Jason Spezza wins face-off versus Mike Richards in Sabres zone.
15:15 of 3rd period - Shot by Sidney Crosby.
15:15 of 3rd period - Stopped by Ryan Miller without a rebound.
15:16 of 3rd period - Sidney Crosby wins face-off versus Tuomo Ruutu in Sabres zone.
16:02 of 3rd period - Niklas Kronwall is hit by Dan Cleary and loses puck.
16:21 of 3rd period - Shot by Dan Cleary.
16:21 of 3rd period - Shot Misses the Net.
16:26 of 3rd period - Icing by Niklas Kronwall.
16:27 of 3rd period - Jason Spezza wins face-off versus Henrik Zetterberg in Sabres zone.
16:30 of 3rd period - Shot by Ryan Smyth.
16:30 of 3rd period - Stopped by Ryan Miller without a rebound.
16:31 of 3rd period - Henrik Zetterberg wins face-off versus Jason Spezza in Sabres zone.
16:33 of 3rd period - Icing by Martin Havlat.
16:34 of 3rd period - Henrik Zetterberg wins face-off versus Jason Spezza in Sabres zone.
16:41 of 3rd period - Icing by Johan Franzen.
16:42 of 3rd period - Henrik Zetterberg wins face-off versus Sidney Crosby in Sabres zone.
16:52 of 3rd period - Minor Penalty to Nicklas Lidstrom for Hooking.
16:53 of 3rd period - Mike Richards wins face-off versus Jason Spezza in Sabres zone.
17:02 of 3rd period - Shot by Fredrik Modin.
17:02 of 3rd period - Shot Misses the Net.
17:30 of 3rd period - Icing by Kevin Bieksa.
17:31 of 3rd period - Jason Spezza wins face-off versus Henrik Zetterberg in Senators zone.
19:00 of 3rd period - Sabres, Ryan Miller is pulled from the net.
19:01 of 3rd period - Minor Penalty to Kevin Bieksa for Tripping.
19:02 of 3rd period - Martin St. Louis wins face-off versus Sergei Fedorov in Senators zone.


Output by the SimonT Hockey Simulator (STHS) for Stephane Roy -- Original Page W3C XHTML 1.0 Valid